Map: Curious Minds LE

Players

Pumba - Winner!

  • Race: Protoss Protoss
  • League: Master
  • Spawn Location: 11:00

Amane

  • Race: Terran Terran
  • League: Master
  • Spawn Location: 5:00

VOD

Have the link to the VOD?

Description

Time

  • Played on: March 29, 2022, 8:43 p.m.
  • Length: 16:06
Show
View Real Time Build Order
Export as new Build Order

Pumba Protoss - Winner!

Build Orders: 1 Gate Expand, Phoenix Opening, Colossus Rush 

Get SALT Encoding   

  12  0:00  Probe  
  13  0:12  Probe  
  14  0:17  Pylon  
  14  0:24  Probe (Chrono Boost)  
  15  0:37  Probe (Chrono Boost), Gateway  
  16  0:42  Assimilator  
  16  0:46  Probe (Chrono Boost)  
  17  0:52  Probe  
  18  1:04  Probe  
  19  1:16  Probe  
  20  1:26  Nexus  
  20  1:33  Cybernetics Core  
  20  1:37  Probe  
  21  1:49  Probe  
  21  1:52  Assimilator  
  22  1:54  Pylon  
  22  2:01  Probe  
  23  2:10  Adept (Chrono Boost)  
  23  2:13  Probe  
  26  2:21  Stargate  
  26  2:25  Probe (Chrono Boost)  
  26  2:28  Warp Gate  
  27  2:33  Adept  
  30  2:37  Probe (Chrono Boost)  
  30  2:42  Probe (Chrono Boost)  
  32  2:45  Probe (Chrono Boost)  
  32  2:49  Probe (Chrono Boost)  
  33  2:53  Probe (Chrono Boost)  
  33  2:54  Probe (Chrono Boost)  
  35  3:04  Phoenix, Probe  
  38  3:09  Pylon  
  38  3:10  Probe  
  39  3:13  Robotics Facility  
  39  3:16  Probe  
  40  3:22  Probe  
  41  3:28  Phoenix (Chrono Boost), Probe  
  41  3:32  Pylon  
  44  3:34  Probe  
  44  3:35  Assimilator  
  44  3:38  Assimilator  
  44  3:40  Probe  
  46  3:45  Phoenix  
  46  3:46  Probe  
  49  3:55  Probe (Chrono Boost)  
  50  3:58  Probe (Chrono Boost)  
  51  4:08  Probe x2 (Chrono Boost)  
  53  4:10  Robotics Bay  
  53  4:13  Probe (Chrono Boost)  
  53  4:16  Nexus  
  54  4:19  Pylon  
  54  4:21  Probe  
  55  4:25  Phoenix  
  55  4:28  Probe  
  58  4:45  Probe x2  
  60  4:49  Observer (Chrono Boost)  
  61  4:54  Twilight Council  
  61  4:55  Forge  
  61  4:57  Probe  
  62  5:05  Colossus (Chrono Boost), Probe  
  63  5:09  Probe  
  70  5:16  Pylon  
  70  5:19  Pylon  
  70  5:23  Shield Battery  
  70  5:27  Probe x2  
  72  5:29  Sentry  
  74  5:43  Gateway x2  
  74  5:46  Colossus (Chrono Boost)  
  74  5:48  Nexus  
  80  5:54  Zealot  
  82  5:59  Probe  
  83  6:07  Pylon  
  83  6:13  Nexus, Pylon  
  83  6:14  Protoss Ground Weapons Level 1  
  83  6:18  Pylon  
  83  6:21  Pylon  
  83  6:27  Charge (Chrono Boost)  
  83  6:30  Extended Thermal Lance  
  83  6:31  Probe  
  84  6:40  Colossus  
  90  6:47  Probe  
  92  6:54  Probe  
  92  7:05  Probe (Chrono Boost)  
  92  7:06  Probe (Chrono Boost)  
  95  7:12  Probe (Chrono Boost)  
  95  7:13  Robotics Facility  
  95  7:15  Gateway x2  
  96  7:17  Probe x2 (Chrono Boost)  
  96  7:18  Assimilator  
  96  7:20  Gateway  
  96  7:21  Gateway  
  96  7:22  Observer  
  97  7:26  Gateway  
  97  7:27  Templar Archives  
  97  7:33  Warp Prism (Chrono Boost)  
  97  7:36  Pylon  
  99  7:38  Pylon  
  99  7:40  Zealot x3  
  105  7:48  Probe  
  106  7:54  Probe  
  107  8:01  Zealot x3  
  107  8:03  Probe  
  107  8:05  Shield Battery  
  114  8:06  Probe x3  
  114  8:09  Shield Battery, Assimilator  
  117  8:13  Pylon  
  117  8:15  Probe  
  118  8:20  High Templar x5  
  118  8:24  Zealot x2, High Templar  
  118  8:25  Archon  
  118  8:26  Archon  
  134  8:44  Protoss Ground Armor Level 1 (Chrono Boost)  
  134  8:45  Archon  
  134  8:49  Disruptor x2  
  134  8:52  Probe x2  
  134  8:54  High Templar x2  
  134  8:55  Zealot x5  
  156  8:56  Gateway  
  156  8:57  Gateway  
  156  8:58  Archon  
  156  8:59  Gateway  
  156  9:01  Gateway  
  156  9:06  Dark Shrine  
  137  9:44  Pylon  
  137  9:45  Disruptor x2  
  123  9:51  Zealot x8, Pylon  
  123  9:52  Nexus, Zealot, Pylon  
  121  9:55  Pylon  
  111  10:00  Robotics Facility  
  111  10:04  Shield Battery  
  111  10:05  Photon Cannon  
  111  10:07  Observer  
  111  10:20  Disruptor  
  111  10:21  Disruptor  
  111  10:30  Zealot x4  
  111  10:31  Shadow Stride (Chrono Boost), Zealot  
  111  10:32  Zealot x2  
  125  10:35  Dark Templar  
  125  10:36  Dark Templar x3  
  125  10:41  Probe x2  
  135  10:43  Assimilator  
  135  10:44  Probe  
  135  10:47  Assimilator  
  130  10:53  Protoss Ground Armor Level 2 (Chrono Boost)  
  130  10:56  Colossus (Chrono Boost)  
  122  11:01  Forge  
  122  11:02  Blink (Chrono Boost)  
  124  11:08  Probe x2  
  124  11:09  Probe  
  125  11:18  Observer (Chrono Boost)  
  127  11:19  Observer (Chrono Boost)  
  127  11:20  Probe  
  127  11:25  Zealot x6  
  140  11:41  Nexus  
  130  11:54  Observer  
  130  11:55  Stalker x3  
  130  11:56  Zealot x6  
  130  11:57  Observer  
  148  12:02  Protoss Ground Weapons Level 2 (Chrono Boost)  
  148  12:33  Zealot x11  
  162  12:53  Stalker x8  
  162  12:54  Stalker x3  
  170  13:10  Colossus  
  170  13:11  Colossus  
  143  13:37  Zealot  
  143  13:38  Zealot x11  
  157  13:43  Observer  
  144  13:56  Disruptor  
  144  13:58  Zealot x9  
  163  14:04  Disruptor  
  163  14:05  Disruptor  
  166  14:32  Disruptor  
  169  14:39  Zealot x7  
  169  14:40  Disruptor  
  169  14:44  Disruptor  
  169  15:01  Zealot x7  
  181  15:08  Disruptor  
  179  15:15  Disruptor  
Show
View Real Time Build Order
Export as new Build Order

Amane Terran 

Build Orders:  

Get SALT Encoding   

  12  0:00  SCV  
  13  0:12  SCV  
  14  0:17  Supply Depot  
  14  0:24  SCV  
  15  0:38  SCV  
  15  0:40  Barracks  
  16  0:43  Refinery  
  16  0:50  SCV  
  17  1:02  SCV  
  18  1:14  SCV  
  19  1:27  Marine  
  19  1:28  Orbital Command  
  20  1:38  Command Center  
  20  1:45  Barracks Reactor  
  20  1:48  Supply Depot  
  20  1:53  SCV  
  21  2:06  SCV  
  22  2:16  Command Center  
  22  2:19  SCV  
  22  2:21  Marine  
  24  2:23  Marine  
  25  2:31  SCV  
  25  2:33  Barracks  
  26  2:41  Marine x2  
  26  2:43  SCV  
  29  2:49  Orbital Command  
  29  2:55  SCV  
  30  2:59  Marine x2  
  32  3:07  SCV  
  32  3:08  Barracks  
  33  3:15  SCV  
  33  3:17  Marine x2  
  33  3:19  SCV  
  37  3:27  SCV  
  37  3:29  Barracks Tech Lab  
  37  3:30  Orbital Command  
  37  3:31  SCV  
  39  3:35  Marine  
  39  3:38  Marine  
  39  3:40  SCV  
  42  3:43  Refinery, SCV  
  42  3:44  Engineering Bay  
  43  3:50  Marine  
  43  3:52  SCV, Stimpack  
  45  3:56  SCV x2  
  45  3:58  Marine  
  45  3:59  Marine  
  45  4:01  Barracks Tech Lab  
  49  4:04  SCV  
  49  4:08  SCV  
  51  4:13  Refinery  
  51  4:16  Supply Depot, Terran Infantry Weapons Level 1  
  51  4:20  Marine x2  
  51  4:21  Combat Shield  
  51  4:22  Marine x2  
  55  4:25  SCV x3  
  58  4:37  SCV x3  
  60  4:39  Missile Turret  
  59  4:47  Marine x2  
  59  4:50  Missile Turret  
  61  4:56  Supply Depot  
  61  4:58  Supply Depot, SCV x3, Marine x2  
  65  5:04  Marine  
  65  5:05  Marine  
  65  5:10  SCV x3  
  65  5:13  Factory  
  68  5:20  Marine x2  
  70  5:22  SCV x3  
  70  5:24  Supply Depot  
  70  5:27  Supply Depot  
  73  5:29  Refinery  
  73  5:34  SCV x3  
  76  5:44  Marauder x2, Marine x2  
  76  5:46  SCV x2  
  84  5:55  Barracks x2  
  84  6:02  Marine x2  
  83  6:05  Marauder x2  
  83  6:07  Factory Reactor  
  83  6:08  Starport  
  87  6:14  SCV  
  87  6:15  SCV, Concussive Shells  
  89  6:19  Marine x2  
  89  6:20  Terran Infantry Armor Level 1  
  89  6:24  Supply Depot  
  91  6:26  Orbital Command  
  91  6:27  Marauder x2  
  91  6:32  Missile Turret  
  95  6:37  Marine x2  
  97  6:40  Supply Depot x2  
  97  6:48  Marauder x2  
  97  6:50  Barracks Reactor  
  97  6:51  Barracks Reactor  
  100  6:55  SCV x2  
  100  6:56  Missile Turret  
  97  7:01  SCV  
  97  7:04  Starport  
  97  7:07  SCV, Factory Reactor  
  99  7:09  SCV  
  99  7:13  SCV  
  101  7:16  Engineering Bay, Marauder x2, Marine x2  
  101  7:17  Armory, Medivac  
  101  7:19  SCV  
  101  7:21  SCV  
  111  7:23  Medivac  
  111  7:25  SCV  
  111  7:28  Refinery  
  114  7:31  Supply Depot, SCV  
  114  7:32  Supply Depot  
  114  7:33  SCV  
  116  7:37  SCV  
  116  7:43  SCV  
  118  7:45  SCV, Refinery  
  118  7:48  Marauder, Marine  
  118  7:49  Marauder, Marine  
  118  7:50  Marine x2  
  125  7:52  SCV  
  125  7:56  SCV  
  125  7:57  SCV  
  126  8:04  Medivac x2  
  126  8:05  SCV  
  129  8:08  SCV  
  129  8:09  SCV  
  131  8:17  SCV, Terran Infantry Weapons Level 2  
  131  8:18  Terran Infantry Armor Level 2  
  132  8:20  SCV  
  132  8:25  Supply Depot x2  
  133  8:28  Supply Depot  
  132  8:36  Marauder x2, Marine x3  
  132  8:37  Marine x3  
  141  8:47  Viking x2  
  141  8:48  Viking x2  
  149  8:54  Marine x2  
  151  8:56  Marine x3  
  151  8:57  Marine  
  151  8:58  Marauder x2  
  153  9:12  Command Center, Marine x2  
  153  9:14  Marine x4  
  154  9:19  Marauder x2  
  145  9:28  SCV x3  
  110  9:40  SCV, Marauder  
  87  9:50  SCV x2  
  87  9:52  SCV  
  73  9:56  Medivac x2  
  73  9:57  Medivac x2  
  80  10:02  SCV  
  80  10:04  SCV  
  80  10:14  SCV  
  81  10:16  SCV  
  82  10:23  SCV  
  82  10:26  SCV  
  82  10:28  SCV  
  84  10:35  SCV  
  85  10:41  SCV x2  
  87  10:47  SCV  
  87  10:51  Viking  
  87  10:52  Viking  
  87  10:53  SCV  
  87  10:54  SCV  
  93  10:59  SCV  
  89  11:10  SCV  
  89  11:11  SCV x2  
  88  11:16  Missile Turret  
  89  11:19  Missile Turret  
  89  11:22  SCV  
  89  11:23  Terran Infantry Weapons Level 3  
  89  11:24  Terran Infantry Armor Level 3  
  89  11:25  SCV x2  
  92  11:35  SCV  
  92  11:37  SCV x2  
  95  11:41  Marauder x2, Marine x4  
  104  11:47  SCV  
  104  11:49  SCV x2  
  106  11:57  Terran Ship Weapons Level 1  
  106  11:59  Liberator x3, SCV  
  117  12:01  SCV, Marine  
  117  12:03  Marauder  
  117  12:05  Supply Depot  
  117  12:08  Supply Depot  
  120  12:11  Supply Depot  
  120  12:17  Planetary Fortress  
  118  12:30  Marauder x2, Marine x4  
  118  12:31  Marine x2  
  119  12:47  Viking x2  
  119  12:48  Marine  
  121  12:51  Marauder  
  121  13:00  Marauder, Marine  
  121  13:01  Marine x2  
  121  13:05  SCV x4  
  128  13:06  Marine  
  128  13:12  Marine  
  129  13:16  Marine  
  129  13:17  SCV x4  
  129  13:18  Marine  
  129  13:19  Marine  
  130  13:21  Marine  
  117  13:29  SCV  
  96  13:34  Marine  
  91  13:51  SCV x2  
  91  13:52  SCV x2  
  92  14:03  SCV  
  92  14:04  SCV x3  
  96  14:15  SCV  
  96  14:16  SCV  
  93  14:17  Marine  
  93  14:18  Barracks Tech Lab x3, Marine  
  93  14:19  Barracks Reactor  
  93  14:20  SCV  
  97  14:24  SCV  
  97  14:28  SCV x2  
  99  14:32  SCV  
  99  14:36  SCV  
  101  14:40  SCV x2  
  101  14:44  SCV  
  104  14:47  Marauder x3, Marine x2  
  104  14:59  SCV x4  
  96  15:00  Marine  
  96  15:04  Marine x2  
  96  15:08  Marauder x3  
  75  15:27  Marine x3  
  68  15:29  SCV  
  68  15:30  Marauder  
Tags
 
Add a new tag
Caveats
  • Supply blocks, unpowered buildings, or Contaminate may cause inaccurate times.
  • Supply counts are checked every 10 seconds.